 Seeded DCSS version 0.28-a0-628-g3c9886e45e (webtiles) character file.

Game seed: 34565 (custom seed)

225 a11behringer the Slasher (level 5, -12/46 HPs)
             Began as a Minotaur Fighter on Oct 9, 2021.
             Was a Priest of Jiyva.
             Mangled by an orc warrior (17 damage)
             ... on level 4 of the Dungeon.
             The game lasted 00:12:43 (3191 turns).

a11behringer the Slasher (Minotaur Fighter)         Turns: 3191, Time: 00:12:44

Health: -12/46     AC: 10    Str: 19    XL:     5   Next: 68%
Magic:  4/4        EV: 10    Int:  6    God:    Jiyva [***...]
Gold:   96         SH:  5    Dex: 11    Spells: 4/4 levels left

rFire   . . .      SeeInvis .   a - +1 long sword
rCold   . . .      Faith    .   c - +0 buckler
rNeg    . . .      Spirit   .   b - +0 scale mail
rPois   .          Reflect  .   (helmet restricted)
rElec   .          Harm     .   (no cloak)
rCorr   +          Rampage  .   g - +2 pair of gloves
Will    .....                   (no boots)
Stlth   ..........              e - amulet of regeneration
HPRegen 1.15/turn               (no ring)
MPRegen 0.09/turn               (no ring)

@: no status effects
A: horns 2, retaliatory headbutt, eyeballs 1
a: Renounce Religion, Request Jelly


You were on level 4 of the Dungeon.
You worshipped Jiyva.
Jiyva was most pleased with you.
You visited 1 branch of the dungeon, and saw 4 of its levels.

You collected 96 gold pieces.

Inventory:

Hand Weapons
 a - a +1 long sword (weapon)
Missiles
 i - a throwing net (quivered)
Armour
 b - a +0 scale mail (worn)
 c - a +0 buckler (worn)
 g - a +2 pair of gloves (worn)
Jewellery
 e - an amulet of regeneration (around neck)
 f - a ring of wizardry
 k - a ring of wizardry
Potions
 d - a potion of might
 h - 2 potions of brilliance {unknown}


   Skills:
 + Level 4.1 Fighting
 * Level 5.4 Long Blades
 + Level 4.7 Armour
 + Level 1.3 Dodging
 + Level 4.4 Shields


You had 4 spell levels left.
You didn't know any spells.
Your spell library was empty.

Dungeon Overview and Level Annotations

Branches:
Dungeon (4/15)
 Temple: D:4-7

Altars:
Makhleb
Jiyva

Shops:
D:2 [   D:4 =


Innate Abilities, Weirdness & Mutations

You have a pair of horns on your head.
You reflexively headbutt those who attack you in melee.
Your body has grown golden eyes which may confuse attackers. (Acc +3)


Message History

You hit the orc.
The orc is heavily wounded.
You block the orc's attack.
The orc priest looks satisfied for a moment.
The orc warrior barely misses you.
You hit the orc but do no damage.
The orc is heavily wounded.
The orc hits you with a +0 short sword. The orc warrior closely misses you.
You block the orc's attack.
You closely miss the orc. You headbutt the orc, but do no damage.
The orc is heavily wounded.
The orc warrior barely misses you. You block the orc's attack.
You closely miss the orc.
The orc is heavily wounded.
You block the orc warrior's attack. The orc hits you but does no damage.
You hit the orc but do no damage. Your headbutt misses the orc.
The orc is heavily wounded.
The orc warrior hits you from afar with a +0 halberd!
The orc hits you but does no damage.
You hit the orc.
The orc is almost dead.
The orc warrior closely misses you. The orc hits you with a +0 short sword.
You hit the orc.
You kill the orc!
The orc warrior throws a boomerang.
The boomerang hits you.
The orc warrior throws a boomerang.
The boomerang barely misses you.
The orc warrior hits you with a +0 halberd!
* * * LOW HITPOINT WARNING * * *
Things that are here:
a +0 short sword; a +0 chain mail; a +0 club You slash the orc warrior!
The orc warrior is moderately wounded.
You hear a distant slurping noise.
The orc warrior closely misses you. You furiously retaliate!
You headbutt the orc warrior.
You hit the orc warrior but do no damage.
You headbutt the orc warrior, but do no damage.
The orc warrior is heavily wounded.
The orc warrior hits you with a +0 halberd!
You die...

#.###########..#
####..>......##g..#
#....#######.##.#.#
###.##............#.#
#......###....o.....#
#.#.##.# #.###r##.###
#.#.##.# #.# #g##.#
#.#.##.# #.# #o##<.
#.#.##.# #.# #@##.##
##...##.# #J# #.##.#
#.....#.........# .#
#.....# ###.#####
##.....# .......####
..........####
#.............
...............


You could see an orc warrior, an orc priest, a quokka and a hobgoblin.

Vanquished Creatures
  An orc priest (D:4)
  An iguana (D:4)
  4 adders
  4 gnolls (D:3)
  A white imp (D:3)
  An adder skeleton (D:4)
  2 worms
  A dart slug (D:1)
  11 orcs
  5 ball pythons
  2 giant cockroaches (D:4)
  5 goblins
  5 hobgoblins
  5 jackals
  2 quokkas
  6 bats
  6 frilled lizards
  4 kobolds
  4 rats
70 creatures vanquished.

Vanquished Creatures (others)
  A jelly (D:4)
  4 gnolls (D:4)
  A worm (D:4)
  A dart slug (D:2)
  5 orcs (D:4)
  5 bats
  An endoplasm (D:4)
  2 goblins
  3 hobgoblins
  4 jackals
  2 ball pythons (D:1)
  A kobold (D:1)
  A rat (D:3)
  3 plants (D:1)
  4 toadstools (D:1)
38 creatures vanquished.

Grand Total: 108 creatures vanquished

Notes
Turn   | Place    | Note
-------+----------+-------------------------------------------
     0 | D:1      | a11behringer the Minotaur Fighter began the quest for the
                  | Orb.
     0 | D:1      | Reached XP level 1. HP: 19/19 MP: 0/0
   182 | D:1      | Found a faded altar of an unknown god.
   188 | D:1      | Reached XP level 2. HP: 27/27 MP: 1/1
   190 | D:1      | Reached skill level 3 in Long Blades
   198 | D:1      | Became a worshipper of Jiyva Jire the Shapeless
   198 | D:1      | Reached * piety under Jiyva
  1160 | D:2      | Reached XP level 3. HP: 33/33 MP: 2/2
  1344 | D:2      | Reached ** piety under Jiyva
  1375 | D:2      | Found Saxet's Armour Shoppe.
  2217 | D:3      | Reached XP level 4. HP: 22/40 MP: 3/3
  2224 | D:3      | Reached skill level 4 in Long Blades
  2307 | D:3      | Reached skill level 1 in Dodging
  2448 | D:3      | Reached XP level 5. HP: 46/46 MP: 4/4
  2570 | D:3      | Found a burning altar of Makhleb.
  2571 | D:3      | Noticed an Executioner
  2995 | D:4      | Reached skill level 5 in Long Blades
  3069 | D:4      | Found Cigoruv's Jewellery Shop.
  3095 | D:4      | Reached *** piety under Jiyva
  3166 | D:4      | Noticed an orc warrior
  3175 | D:4      | Gained mutation: Your body has grown golden eyes which may
                  | confuse attackers. (Acc +3) [Jiyva's grace]
  3189 | D:4      | HP: 2/46 [orc warrior (16)]
  3191 | D:4      | Mangled by an orc warrior

Illustrated notes

Levels and vault maps discovered:
D:1:      ldierk_walled_garden_2, layout_basic,
          hellmonk_ecumenical_altar_dog_temple, minivault_25
D:2:      layout_basic, serial_shops, shop, grunt_decor_fettered
D:3:      layout_loops_ring, makhleb_altar_promises_db,
          kennysheep_generic_room_16
D:4:      layout_loops_ring, serial_shops, kennysheep_mini

Skill      XL: |  1  2  3  4  5 |
---------------+----------------+-----
Long Blades    | 3 4 5 |  5.4
Shields        | 4 |  4.4
Armour         | 4 |  4.7
Dodging        | 1 |  1.3
Fighting       | 4 |  4.1

Action                   |  1- 3 |  4- 6 || total
-------------------------+-------+-------++-------
Melee: Long sword        |    80 |    82 ||   162
       Headbutt          |    12 |    14 ||    26
  Use: Scroll            |       |     2 ||     2
Armor: Scale mail        |    39 |    31 ||    70
Dodge: Dodged            |    45 |    40 ||    85
Block: Buckler           |    25 |    23 ||    48

Table legend: (Time is in decaauts)
 A = Elapsed time spent in this place.
 B = Non-inter-level travel time spent in this place.
 C = Inter-level travel time spent in this place.
 D = Time resting spent in this place.
 E = Time spent auto-exploring this place.
 F = Levels seen in this place.
 G = Mean time per level.
                   A        B        C        D        E       F      G
               +--------+--------+--------+--------+--------+-----+--------+
         Total |   3223 |   2408 |    815 |      0 |   1955 |   4 |  805.8 |
       Dungeon |   3223 |   2408 |    815 |      0 |   1955 |   4 |  805.8 |
               +--------+--------+--------+--------+--------+-----+--------+

Top non-repeatable levels by time:
     D:2: 1165 daAuts
     D:1: 998 daAuts
     D:3: 836 daAuts
     D:4: 223 daAuts
